 Dungeon Crawl Stone Soup version 0.30-a0-371-gad7725a93e (webtiles) character file.

Game seed: 7870499478418665214

428 Maxmaps the Trooper (level 6, -10/51 HPs)
             Began as a Demonspawn Gladiator on Nov 23, 2022.
             Was an Initiate of Gozag.
             Mangled by an ogre
             ... wielding a +0 giant club
              (20 damage)
             ... on level 5 of the Dungeon.
             The game lasted 00:05:14 (4265 turns).

Maxmaps the Trooper (Demonspawn Gladiator)          Turns: 4265, Time: 00:05:14

Health: -10/51     AC: 11    Str: 15    XL:     6   Next: 65%
Magic:  6/6        EV: 10    Int: 11    God:    Gozag
Gold:   223        SH:  3    Dex: 14    Spells: 5/5 levels left

rFire   . . .      SeeInvis +    a - +0 long sword
rCold   + . .      Faith    .    I - +0 buckler
rNeg    . . .      Spirit   .    G - +0 scale mail
rPois   .          Reflect  .    c - +0 helmet
rElec   .          Harm     .    (no cloak)
rCorr   .          Rampage  .    (no gloves)
Will    .....                    x - +0 pair of boots
Stlth   ..........               (no amulet)
HPRegen 0.28/turn                g - ring of protection from cold
MPRegen 0.20/turn                q - ring of see invisible

@: no status effects
A: slimy green scales 1, foul stench 1, magic regeneration
a: Renounce Religion, Potion Petition, Call Merchant, Bribe Branch


You were on level 5 of the Dungeon.
You worshipped Gozag.
Gozag was aware of your devotion.
You visited 2 branches of the dungeon, and saw 6 of its levels.

You collected 295 gold pieces.
You paid 72 gold pieces to Gozag.

Inventory:

Hand Weapons
 a - a +0 long sword (weapon)
Missiles
 d - 3 throwing nets (quivered)
 e - a javelin
Armour
 c - a +0 helmet (worn)
 x - a +0 pair of boots (worn)
 G - a +0 scale mail (worn)
 I - a +0 buckler (worn)
Jewellery
 g - a ring of protection from cold (left hand)
 q - a ring of see invisible (right hand)
 y - a ring of magical power
 F - a ring of resist corrosion
Scrolls
 b - a scroll of blinking {unknown}
 f - 3 scrolls of teleportation {unknown}
 h - a scroll of noise {unknown}
 i - a scroll of fear {unknown}
 j - 3 scrolls of butterflies {unknown}
 l - a scroll of magic mapping {unknown}
 p - a scroll of silence {unknown}
 r - 2 scrolls of torment {unknown}
 s - 4 scrolls of identify {unknown}
 A - 2 scrolls of amnesia {unknown}
 H - a scroll of immolation {unknown}
Potions
 k - 3 potions of flight {unknown}
 m - a potion of invisibility {unknown}
 n - a potion of cancellation {unknown}
 o - a potion of brilliance {unknown}
 t - a potion of mutation {unknown}
 u - a potion of haste {unknown}
 v - a potion of ambrosia {unknown}
 w - 2 potions of curing {unknown}
 z - a potion of lignification {unknown}
 B - a potion of magic {unknown}
 C - a potion of might {unknown}
 D - a potion of berserk rage {unknown}
 E - a potion of heal wounds {unknown}


   Skills:
 - Level 5.4 Fighting
 - Level 3.3 Long Blades
 - Level 1.7 Throwing
 - Level 3.1 Armour
 - Level 3.0 Dodging


You had 5 spell levels left.
You didn't know any spells.
Your spell library was empty.

Dungeon Overview and Level Annotations

Branches:
Dungeon (5/15)             Temple (1/1) D:4

Altars:
Ashenzari
Dithmenos
Fedhas
Gozag
Kikubaaqudgha
Ru
Sif Muna
Uskayaw
Vehumet


Innate Abilities, Weirdness & Mutations

You are partially covered in slimy green scales. (AC +2)
You may rarely emit foul miasma when damaged in melee.
You regenerate magic rapidly.


Message History

You see here a +0 whip.
Things that are here:
a +0 club; a boomerang; a +0 hand axe
There is a stone staircase leading down here.
You climb downwards.
There is a stone staircase leading up here.
An ogre comes into view. It is wielding a +0 giant club.
Found a stone staircase leading down.
The ogre shouts!
The ogre moves out of view.
An ogre is nearby!
The ogre hits you with a +0 giant club!
You barely miss the ogre. You completely miss the ogre.
The ogre hits you with a +0 giant club!!
You are too injured to fight recklessly!
You are too injured to fight recklessly!
You are too injured to fight recklessly!
You are too injured to fight recklessly!
You are too injured to fight recklessly!
You are too injured to fight recklessly!
You are too injured to fight recklessly!
You are too injured to fight recklessly!
You are too injured to fight recklessly!
You are too injured to fight recklessly!
You slash the ogre!
The ogre is moderately wounded.
The ogre closely misses you.
You hit the ogre.
The ogre is heavily wounded.
The ogre hits you with a +0 giant club!
* * * LOW HITPOINT WARNING * * *
You hit the ogre but do no damage.
The ogre is heavily wounded.
The ogre barely misses you.
You hit the ogre.
The ogre is severely wounded.
The ogre hits you with a +0 giant club!!
You die...
Your body crumbles into a pile of gold.

.... ..### .#.....
..... ...# .......
..... ...##.......
.....## ...>......#
.......#......$..##
........# .........
........# #O......#
.......<# #@......#
........###........
..................#
...............#.##
.....#.........# .#
.....#.#.##.#......
.##. ###.#..##.###
#. ###..# .# ..# ..


You could see an ogre.

Vanquished Creatures
  2 scorpions (D:4)
  2 orc priests (D:4)
  A hound (D:2)
  An iguana (D:4)
  Jessica (D:3)
  An orc wizard (D:4)
  Terence (D:2)
  2 adders
  2 ufetubi (D:4)
  4 worms
  2 dart slugs
  6 orcs (D:4)
  5 endoplasms
  3 giant cockroaches
  8 goblins
  6 hobgoblins
  8 kobolds
  3 quokkas
  14 ball pythons
  4 bats
  3 frilled lizards
  4 rats
83 creatures vanquished.

Notes
Turn   | Place    | Note
-------+----------+-------------------------------------------
     0 | D:1      | Maxmaps the Demonspawn Gladiator began the quest for the
                  | Orb.
     0 | D:1      | Reached XP level 1. HP: 16/16 MP: 1/1
   276 | D:1      | Gained mutation: You may rarely emit foul miasma when
                  | damaged in melee. [demonic ancestry]
   276 | D:1      | Reached XP level 2. HP: 17/23 MP: 2/2
   363 | D:1      | Reached skill level 3 in Fighting
   916 | D:2      | Reached skill level 4 in Fighting
   916 | D:2      | Gained mutation: You are partially covered in slimy green
                  | scales. (AC +2) [demonic ancestry]
   916 | D:2      | Reached XP level 3. HP: 30/30 MP: 3/3
  1108 | D:2      | Noticed Terence
  1119 | D:2      | Killed Terence
  1120 | D:2      | Reached XP level 4. HP: 35/38 MP: 4/4
  1662 | D:3      | Reached skill level 5 in Fighting
  1671 | D:3      | Noticed Jessica
  1680 | D:3      | Killed Jessica
  1681 | D:3      | Reached XP level 5. HP: 4/44 MP: 5/5
  2090 | D:4      | Reached skill level 1 in Armour
  2321 | D:4      | Found a hide-covered altar of Uskayaw.
  2641 | D:4      | Gained mutation: You regenerate magic rapidly. [demonic
                  | ancestry]
  2641 | D:4      | Reached XP level 6. HP: 22/51 MP: 6/6
  2937 | D:4      | Found a staircase to the Ecumenical Temple.
  2945 | D:4      | HP: 2/51 [worm (9)]
  2950 | Temple   | Entered the Ecumenical Temple
  3308 | Temple   | Became a worshipper of Gozag Ym Sagoz the Greedy
  4071 | D:4      | Found a sacrificial altar of Ru.
  4249 | D:5      | Entered Level 5 of the Dungeon
  4265 | D:5      | Mangled by an ogre

Illustrated notes

Levels and vault maps discovered:
D:1:      dpeg_arrival_simpleton_c, layout_loops_ring, dk_noncrumbling_4,
          roderic_roman_lattice
D:2:      layout_basic, basic_altar, uniq_terence
D:3:      layout_rooms, minmay_door_square, uniq_jessica
D:4:      layout_basic, mainiacjoe_overflow_concentric_impassable,
          nicolae_ru_path_of_blood, minmay_temple_entry_proselytizer
D:5:      layout_cave_pools, serial_column_ruins, column_ruins_open_tiny,
          column_ruins_grid_3, column_ruins_open_medium, minmay_strange_pillars,
          uniq_duvessa
Temple:   grunt_temple_mini_profane

Skill      XL: |  1  2  3  4  5  6 |
---------------+-------------------+-----
Fighting       | 4 5 |  5.4
Armour         | 2 3 |  3.1
Dodging        | 3 |  3.0
Long Blades    | 3 |  3.3
Throwing       | |  1.7

Action                   |  1- 3 |  4- 6 || total
-------------------------+-------+-------++-------
Melee: Long sword        |    92 |   213 ||   305
       Punch             |     1 |     2 ||     3
 Stab: Sleeping          |     1 |       ||     1
Armor: Leather armour    |    34 |    57 ||    91
       Scale mail        |       |    70 ||    70
Dodge: Dodged            |    74 |   191 ||   265

Table legend: (Time is in decaauts)
 A = Elapsed time spent in this place.
 B = Non-inter-level travel time spent in this place.
 C = Inter-level travel time spent in this place.
 D = Time resting spent in this place.
 E = Time spent auto-exploring this place.
 F = Levels seen in this place.
 G = Mean time per level.
                   A        B        C        D        E       F      G
               +--------+--------+--------+--------+--------+-----+--------+
         Total |   4345 |   4025 |    320 |    661 |   2557 |   6 |  724.2 |
       Dungeon |   3962 |   3688 |    274 |    493 |   2397 |   5 |  792.4 |
        Temple |    382 |    336 |     46 |    168 |    160 |   1 |  382.0 |
               +--------+--------+--------+--------+--------+-----+--------+

Top non-repeatable levels by time:
     D:4: 1765 daAuts
     D:1: 920 daAuts
     D:3: 691 daAuts
     D:2: 568 daAuts
  Temple: 382 daAuts
     D:5: 17 daAuts
